 Dungeon Crawl Stone Soup version 0.28-a0-653-g7e9dba17c3 (webtiles) character file.

Game seed: 5250466048090303918

906341 RepHenryClay the Conqueror (level 27, -1/199 HPs)
             Began as a Gargoyle Fighter on Oct 6, 2021.
             Was the Champion of the Shining One.
             Splashed by a caustic shrike's acid (4 damage)
             ... on level 4 of the Iron City of Dis on Oct 11, 2021.
             The game lasted 03:16:06 (91269 turns).

RepHenryClay the Conqueror (Gargoyle Fighter)      Turns: 91269, Time: 03:16:07

Health: -1/199     AC: 43    Str: 33      XL:     27
Magic:  40/40      EV: 16    Int:  3 (8)  God:    the Shining One [******]
Gold:   7943       SH:  0    Dex:  9      Spells: 26/26 levels left

rFire   + + +      SeeInvis +   a - +9 executioner's axe (holy)
rCold   + . .      Faith    .   (shield currently unavailable)
rNeg    + + +      Spirit   .   y - +12 gold dragon scales
rPois   ∞          Reflect  .   Q - +1 hat of Ru's Envy {rF+}
rElec   +          Harm     .   v - scarf {repulsion}
rCorr   +          Rampage  .   u - +1 pair of gloves {Str+3}
Will    +++..                   B - +0 pair of boots of Egemib {Will+}
Stlth   ..........              W - amulet "Yttipteh" {Acrobat Regen+}
HPRegen 1.43/turn               I - +4 ring of evasion
MPRegen 0.27/turn               M - ring of resist corrosion

@: corroded, flying, glowing, studying Crossbows, repel missiles
A: sickness immunity, AC +20, big wings, negative energy resistance 1,
electricity resistance, torment resistance 1, petrification resistance, see
invisible, clumsy 1, deformed body, dopey 1, fire resistance 1, screaming 1
}: 10/15 runes: serpentine, barnacled, slimy, silver, abyssal, demonic, glowing,
magical, fiery, dark
a: Renounce Religion, Divine Shield, Cleansing Flame, Summon Divine Warrior


You were on level 4 of the Iron City of Dis.
You worshipped the Shining One.
The Shining One was exalted by your worship.
You visited 14 branches of the dungeon, and saw 62 of its levels.
You visited Pandemonium 1 time, and saw 22 of its levels.
You visited the Abyss 3 times.
You also visited: Ice Cave, Volcano and Desolation.

You collected 12370 gold pieces.
You spent 4427 gold pieces at shops.

Inventory:

Hand Weapons
 a - a +9 executioner's axe of holy wrath (weapon)
 b - the +12 battleaxe of Taxation {spect, rElec Str+2}
   (Okawaru gifted it to you on level 4 of the Depths)

   When its wielder attacks, the weapon's spirit leaps out and strikes again.
   The spirit shares a part of any damage it takes with its wielder.
   Str:       It affects your strength (+2).
   rElec:     It insulates you from electricity.
Missiles
 c - 10 silver javelins
 L - 10 throwing nets
 R - 29 javelins (quivered)
 Z - 8 curare-tipped darts
Armour
 k - the +0 pair of gloves "Mall" {Rampage rC+ rN+ Int+6 Dex-2}
   (Okawaru gifted it to you in the Desolation of Salt)

   Int:       It affects your intelligence (+6).
   Dex:       It affects your dexterity (-2).
   rC:        It protects you from cold.
   rN:        It protects you from negative energy.
   Rampage:   It bestows one free step when moving towards enemies.
 u - a +1 pair of gloves of strength (worn)
 v - a scarf of repulsion (worn)
 x - a scarf of resistance
 y - +12 gold dragon scales (worn)
 z - a +2 cloak of cold resistance
 B - the +0 pair of boots of Egemib (worn) {Will+}
   (Okawaru gifted it to you on level 1 of the Vaults)

   Will:      It increases your willpower.
 F - a +2 hat of willpower
 Q - the +1 hat of Ru's Envy (worn) {rF+}
   (You found it in a volcano)

   rF:        It protects you from fire.
Jewellery
 f - the ring of the Prince of Darkness {Will+ Int+4 Dex+2}
   (You found it on level 2 of the Depths)

   [ring of willpower]

   Int:       It affects your intelligence (+4).
   Dex:       It affects your dexterity (+2).
   Will:      It increases your willpower.
 o - the ring of Seprec {Contam *Corrode rF+++ Str+8 Int+6}
   (You acquired it on level 1 of the Dungeon)

   [ring of intelligence]

   Str:       It affects your strength (+8).
   Int:       It affects your intelligence (+6).
   rF:        It renders you almost immune to fire.
   Contam:    It causes magical contamination when unequipped.
   *Corrode:  It may corrode you when you take damage.
 D - the ring "Vonesek" {rC+ Str+3}
   (You acquired it on level 5 of the Vaults)

   [ring of protection from cold]

   Str:       It affects your strength (+3).
   rC:        It protects you from cold.
 E - the amulet of Honovil {RegenMP rF+ rC+ Int+3}
   (You found it on level 3 of the Crypt)

   [amulet of magic regeneration]

   It increases your rate of magic regeneration.
   Int:       It affects your intelligence (+3).
   rF:        It protects you from fire.
   rC:        It protects you from cold.
 G - the amulet of the Devil {Faith rPois rN+}
   (You took it off a vault sentinel on level 5 of the Vaults)

   [amulet of faith]

   It allows you to gain divine favour quickly.
   rPois:     It protects you from poison.
   rN:        It protects you from negative energy.
 I - a +4 ring of evasion (left hand)
 J - the ring "Jicw" {Will+ Int-3 Dex+4}
   (You found it in the Desolation of Salt)

   [ring of willpower]

   Int:       It affects your intelligence (-3).
   Dex:       It affects your dexterity (+4).
   Will:      It increases your willpower.
 K - a ring of protection from fire
 M - a ring of resist corrosion (right hand)
 N - the ring "Lecoyf" {MP+9 Int+6 Stlth+}
   (You took it off a balrug in Pandemonium)

   [ring of magical power]

   Int:       It affects your intelligence (+6).
   MP:        It affects your magic capacity (+9).
   Stlth:     It makes you more stealthy.
 P - the ring "Icoth" {rF+ rN+}
   (You found it in the Desolation of Salt)

   [ring of positive energy]

   rF:        It protects you from fire.
   rN:        It protects you from negative energy.
 W - the amulet "Yttipteh" (around neck) {Acrobat Regen+}
   (You bought it in a shop on level 3 of the Depths)

   [amulet of the acrobat]

   It increases your evasion while moving and waiting.
   Regen:     It increases your rate of health regeneration.
 X - the ring "Jioq" {AC+4 Str+5 Int+2}
   (You acquired it on level 1 of the Depths)

   [ring of protection]

   AC:        It affects your AC (+4).
   Str:       It affects your strength (+5).
   Int:       It affects your intelligence (+2).
 Y - the amulet "Figitoisuh" {rC- Regen+ Str+9 Stlth+}
   (You found it in the Desolation of Salt)

   [amulet of regeneration]

   Str:       It affects your strength (+9).
   rC:        It makes you vulnerable to cold.
   Regen:     It increases your rate of health regeneration.
   Stlth:     It makes you more stealthy.
Wands
 r - a wand of acid (25)
 w - a wand of digging (5)
 A - a wand of iceblast (98)
 U - a wand of mindburst (27)
 V - a wand of paralysis (56)
Scrolls
 e - 15 scrolls of blinking
 j - 9 scrolls of fear
 l - 9 scrolls of holy word
 n - 7 scrolls of magic mapping
 q - 3 scrolls of summoning
 H - 9 scrolls of fog
 O - 46 scrolls of identify {@r1}
 T - 25 scrolls of teleportation
Potions
 d - 4 potions of might
 g - 37 potions of curing
 h - 14 potions of attraction
 i - 13 potions of heal wounds
 m - 10 potions of resistance
 s - 4 potions of cancellation
 t - 9 potions of mutation
 C - 5 potions of ambrosia
 S - 7 potions of haste
Miscellaneous
 p - a lightning rod (4/4)


   Skills:
 O Level 27 Fighting
 - Level 24.0(24.1) Axes
 - Level 5.3(18.0) Maces & Flails
 - Level 16.4 Throwing
 O Level 27 Armour
 - Level 15.3 Dodging
 - Level 5.5 Shields
 + Level 26.8 Invocations
 - Level 1.2 Evocations


You had 26 spell levels left.
You didn't know any spells.
Your spell library contained the following spells:

 Spells                   Type           Power      Damage    Failure   Level
 Animate Skeleton         Necr           0%         N/A       95%         1
 Apportation              Tloc           0%         N/A       95%         1
 Magic Dart               Conj           0%         1d3       95%         1
 Pain                     Necr           0%         1d4       95%         1
 Shock                    Conj/Air       0%         1d3       95%         1
 Sting                    Tmut/Pois      0%         1d3       95%         1
 Blink                    Tloc           N/A        N/A       99%         2
 Call Imp                 Summ           0%         N/A       99%         2
 Corpse Rot               Necr/Air       N/A        N/A       99%         2
 Ensorcelled Hibernation  Hex/Ice        0%         N/A       99%         2
 Passwall                 Tmut/Erth      0%         N/A       99%         2
 Poisonous Vapours        Pois/Air       0%         N/A       99%         2
 Scorch                   Fire           0%         2d5       99%         2
 Searing Ray              Conj           0%         2d4       99%         2
 Slow                     Hex            0%         N/A       99%         2
 Call Canine Familiar     Summ           0%         N/A       100%        3
 Conjure Flame            Conj/Fire      0%         6-21      100%        3
 Dazzling Flash           Conj/Hex       0%         N/A       100%        3
 Gell's Gravitas          Tloc           0%         N/A       100%        3
 Ignite Poison            Fire/Tmut/Pois 0%         N/A       100%        3
 Lesser Beckoning         Tloc           0%         N/A       100%        3
 Mephitic Cloud           Conj/Pois/Air  0%         N/A       100%        3
 Ozocubu's Armour         Ice            0%         N/A       100%        3
 Portal Projectile        Hex/Tloc       0%         N/A       100%        3
 Spider Form              Tmut/Pois      0%         N/A       100%        3
 Stone Arrow              Conj/Erth      0%         3d7       100%        3
 Summon Guardian Golem    Hex/Summ       0%         N/A       100%        3
 Swiftness                Air            0%         N/A       100%        3
 Teleport Other           Tloc           0%         N/A       100%        3
 Tukima's Dance           Hex            0%         N/A       100%        3
 Vampiric Draining        Necr           0%         2d6       100%        3
 Airstrike                Air            0%         N/A       100%        4
 Animate Armour           Summ/Erth      0%         N/A       100%        4
 Animate Dead             Necr           0%         N/A       100%        4
 Cause Fear               Hex            0%         N/A       100%        4
 Dispel Undead            Necr           0%         3d6       100%        4
 Flame Wave               Conj/Fire      0%         3d3       100%        4
 Fulminant Prism          Conj/Hex       0%         3d6       100%        4
 Leda's Liquefaction      Hex/Erth       0%         N/A       100%        4
 Olgreb's Toxic Radiance  Pois           0%         N/A       100%        4
 Passage of Golubria      Tloc           N/A        N/A       100%        4
 Petrify                  Tmut/Erth      0%         N/A       100%        4
 Sticky Flame             Conj/Fire      0%         2d3       100%        4
 Summon Lightning Spire   Summ/Air       0%         N/A       100%        4
 Agony                    Necr           0%         N/A       100%        5
 Alistair's Intoxication  Tmut/Pois      0%         N/A       100%        5
 Borgnjor's Vile Clutch   Necr/Erth      0%         N/A       100%        5
 Freezing Cloud           Conj/Ice/Air   0%         6-21      100%        5
 Irradiate                Conj/Tmut      0%         3d13      100%        5
 Lee's Rapid Deconstruct  Erth           0%         3d5*      100%        5
 Lightning Bolt           Conj/Air       0%         1d11      100%        5
 Manifold Assault         Tloc           0%         N/A       100%        5
 Metabolic Englaciation   Hex/Ice        0%         N/A       100%        5
 Silence                  Hex/Air        0%         N/A       100%        5
 Summon Forest            Summ/Tloc      0%         N/A       100%        5
 Death Channel            Necr           0%         N/A       100%        6
 Dispersal                Tloc           0%         N/A       100%        6
 Eringya's Noxious Bog    Tmut/Pois      0%         N/A       100%        6
 Invisibility             Hex            0%         N/A       100%        6
 Iron Shot                Conj/Erth      0%         9d1       100%        6
 Simulacrum               Ice/Necr       0%         N/A       100%        6
 Summon Cactus Giant      Summ           0%         N/A       100%        6
 Dragon Form              Tmut           0%         N/A       100%        7
 Malign Gateway           Summ/Tloc      0%         N/A       100%        7
 Orb of Destruction       Conj           0%         N/A       100%        7
 Ozocubu's Refrigeration  Ice            0%         4d5       100%        7
 Spellforged Servitor     Conj/Summ      0%         N/A       100%        7
 Storm Form               Tmut/Air       0%         N/A       100%        7
 Summon Hydra             Summ           0%         N/A       100%        7
 Ignition                 Fire           0%         3d3       100%        8
 Lehudib's Crystal Spear  Conj/Erth      0%         10d2      100%        8
 Maxwell's Capacitive Co  Air            0%         ∞         100%        8
 Necromutation            Tmut/Necr      0%         N/A       100%        8
 Summon Horrible Things   Summ           0%         N/A       100%        8
 Death's Door             Necr           0%         N/A       100%        9
 Dragon's Call            Summ           0%         N/A       100%        9
 Sublimation of Blood     Necr           Unusable   N/A       N/A         2
 Statue Form              Tmut/Erth      Unusable   N/A       N/A         6

Dungeon Overview and Level Annotations

Branches:
Dungeon (15/15)            Temple (1/1) D:6            Lair (6/6) D:11
 Shoals (4/4) Lair:4        Snake (4/4) Lair:3        Slime (5/5) Lair:5
    Orc (2/2) D:9             Elf (3/3) Orc:2        Vaults (5/5) D:13
  Crypt (3/3) Vaults:3       Tomb (0/3) Crypt:3      Depths (4/4) D:15
   Hell (visited)             Dis (4/7) Hell            Geh (0/7) Hell
    Coc (0/7) Hell            Tar (0/7) Hell            Zot (5/5) Depths:4
  IceCv (visited)         Volcano (visited)         Desolation (visited)

Altars:
Ashenzari
Cheibriados
Dithmenos
Elyvilon
Fedhas
Gozag
Hepliaklqana
Kikubaaqudgha
Makhleb
Nemelex Xobeh
Okawaru
Qazlal
Ru
Sif Muna
Trog
Uskayaw
Vehumet
Wu Jian
Xom
Yredelemnul
Zin
The Shining One
Beogh
Jiyva

Shops:
D:1 [?=[   D:7 [   D:8 !*[*   Orc:1 :   Orc:2 (([!   Elf:1 *   Elf:2 (
Snake:1 *   Snake:2 **   Depths:3 =:=

Portals:
Hell: Lair:6 Depths:1 Depths:2 Depths:3 Depths:4
Abyss: Depths:1 Depths:3
Pandemonium: Depths:1 Depths:2
Ziggurat: Depths:2

Annotations:
Zot:5 1 exclusion


Innate Abilities, Weirdness & Mutations

You are immune to sickness and miasma.
Your stone body is resilient. (AC +20)
You are immune to poison.
Your large and strong wings let you fly.
You resist negative energy. (rN+)
You are resistant to electric shocks. (rElec)
You are resistant to unholy torment.
You are immune to petrification.
You have supernaturally acute eyesight. (SInv)
You are clumsy. (Dex -2)
Armour fits poorly on your strangely shaped body.
You are dopey. (Int -2)
Your flesh is heat resistant. (rF+)
You occasionally shout uncontrollably at your foes.


Message History

You are splashed with acid.
You resist.
* * * LOW HITPOINT WARNING * * *
The caustic shrike claws you but does no damage. x2
The caustic shrike barely misses you.
The caustic shrike claws you but does no damage.
Huge Dmg: -9%(-18hp) hp: 24%(47hp)
You carve the caustic shrike like a turkey!!!
The caustic shrike is almost dead.
You closely miss the caustic shrike. You slice the caustic shrike!!
You kill the caustic shrike!
You slice the caustic shrike!!
The caustic shrike claws you but does no damage.
The caustic shrike barely misses you.
The caustic shrike claws you but does no damage. x2
You feel your strength returning.
You slice the caustic shrike!!
You kill the caustic shrike!
Your gold dragon scales prevents you from hitting the caustic shrike.
You slash the caustic shrike! The caustic shrike barely misses you.
The caustic shrike claws you but does no damage.
You slash the caustic shrike!
The caustic shrike is severely wounded.
You closely miss the caustic shrike. The caustic shrike claws you!
* * * LOW HITPOINT WARNING * * *
You are splashed with acid.
You resist.
* * * LOW HITPOINT WARNING * * *
The caustic shrike claws you!!
* * * LOW HITPOINT WARNING * * *
You are splashed with acid.
You resist.
* * * LOW HITPOINT WARNING * * *
A hellion comes into view.
The caustic shrike claws you but does no damage. x2
Huge Dmg: -20%(-40hp) hp: 5%(9hp)
The hellion gives a hideous shriek!
You slice the caustic shrike!!
The caustic shrike is almost dead.
You slash the caustic shrike! The caustic shrike claws you!
* * * LOW HITPOINT WARNING * * *
The acid corrodes you!
You are splashed with acid.
You resist.
You die...

#.# #.# #.#
#.# #.#
.########.#
......b.†.#
......†@..#
2.....b†..#
..........#
........∩.#
..........#
..........#
.#+####...#
+...# #...#


You could see 2 caustic shrikes and a hellion.

Vanquished Creatures
  Cerebov (Pan)
  the Royal Jelly (Slime:5)
  Gloorx Vloq (Pan)
  A dread lich (Vaults:5)
  Mnoleg (Pan)
  Lom Lobon (Pan)
  6 ancient liches
  An orb of fire (Arena)
  Mara (Vaults:2)
  Mennas (Arena)
  A juggernaut (Depths:4)
  The ghost of Sibahig the Slayer, a veteran HOMo of Beogh (Vaults:3)
  Boris (4 times) (Vaults:2 Depths:1 Crypt:1 Crypt:3)
  A royal mummy (Crypt:2)
  9 pandemonium lords (Pan)
  Bai Suzhen (Crypt:1)
  Frederick (Depths:3)
  Vashnia (Snake:4)
  Xtahua (Vaults:5)
  Geryon (Hell)
  3 curse toes
  14 caustic shrikes
  A profane servitor (Abyss:1)
  9 golden dragons
  Nikola (Depths:2)
  Jory (Crypt:3)
  5 bone dragons
  3 Brimstone Fiends (Pan)
  A walking earthen tome (Depths:4)
  An electric golem (Zot:4)
  4 Tzitzimimeh (Pan)
  Rupert (D:14)
  10 tentacled monstrosities
  A hellephant (Hell)
  A shard shrike skeleton (Crypt:3)
  6 Ice Fiends (Pan)
  12 liches
  A walking crystal tome (Depths:3)
  A walking frostbound tome (Depths:4)
  2 Orb Guardians (Zot:5)
  A Hell Sentinel (Pan)
  17 titans
  3 krakens
  11 quicksilver dragons
  8 tentacled starspawn
  20 acid blobs
  7 deep elf blademasters
  8 deep elf master archers
  15 Executioners (Pan)
  9 ancient champions
  The ghost of Woytaw the Whirler, an adept HaHu of Okawaru (Depths:4)
  5 sphinxes
  10 death cobs
  6 tengu reavers
  12 storm dragons
  The ghost of timneilson the Peltast, an adept DDFi of Makhleb (Shoals:2)
  9 azure jellies
  3 revenants
  8 shadow dragons
  11 demonspawn warmongers (Pan)
  17 fire giants
  4 quicksilver elementals
  24 frost giants
  5 rockslimes
  6 iron dragons
  7 nagarajas
  6 deep elf sorcerers
  A frost giant (shapeshifter) (Vaults:5)
  3 draconian monks
  4 imperial myrmidons (Desolation)
  4 orc warlords
  11 ghost moths
  4 draconian knights
  4 draconian shifters
  Aizul (Vaults:3)
  3 deep elf elementalists (Elf:3)
  A caustic shrike zombie (Crypt:2)
  11 draconian scorchers
  A juggernaut zombie (Crypt:2)
  16 balrugs
  4 curse skulls
  14 vault wardens
  Louise (Depths:3)
  15 cacodemons (Pan)
  2 ghouls
  12 quicksilver oozes
  5 draconian annihilators
  10 draconian stormcallers
  19 very ugly things
  12 ironbound preservers
  13 reapers
  27 stone giants
  9 vampire knights
  10 war gargoyles
  8 demonspawn blood saints (Pan)
  The ghost of ojifijod the Wrestler, a journeyman MiFi of Okawaru (Lair:5)
  6 demonspawn corrupters (Pan)
  6 black draconians
  7 green draconians
  A juggernaut skeleton (Abyss:3)
  7 deep elf demonologists
  3 dire elephants
  An entropy weaver (Vaults:2)
  17 lorocyprocas (Pan)
  15 yellow draconians
  18 red draconians
  5 spark wasps
  A minotaur (shapeshifter) (Vaults:5)
  A halazid warlock (Desolation)
  9 demonspawn black suns (Pan)
  4 deep elf annihilators
  Nessos (D:12)
  14 white draconians
  16 purple draconians
  Azrael (D:12)
  4 merfolk javelineers
  7 deep elf death magi
  3 iron golems
  5 eidola
  21 green deaths
  17 blizzard demons
  3 crystal guardians
  6 jiangshi
  12 ettins
  3 spectral krakens
  10 merfolk impalers
  11 yaktaur captains
  4 fire dragons
  11 ragged hierophants (Desolation)
  A quicksilver dragon skeleton (Crypt:3)
  15 ice dragons
  14 great orbs of eyes
  2 caustic shrike simulacra (IceCv)
  9 deep elf high priests
  8 servants of whispers
  12 rakshasas
  Erolcha (Orc:1)
  21 naga warriors
  8 ironbound thunderhulks
  A fenstrider witch skeleton (Pan)
  2 ogre magi (Abyss:3)
  9 centaur warriors
  2 catoblepae
  3 hell beasts
  6 boulder beetles
  35 vault guards
  6 merfolk avatars
  2 ghost crabs (Shoals:3)
  Erica (D:10)
  4 spriggan air magi
  16 hydras
  12 peacekeepers
  2 salamander tyrants
  Harold (D:10)
  3 alligator snapping turtles
  10 ironbound frosthearts
  A satyr (Shoals:4)
  11 anacondas
  39 dancing weapons
  6 deep troll shamans
  3 death knights
  4 merfolk aquamancers
  21 death yaks
  9 two-headed ogres
  10 hell hogs
  8 shock serpents
  5 tengu warriors
  5 deep troll earth magi
  29 deep elf knights
  3 spriggan berserkers
  Urug (D:10)
  3 orc high priests
  33 soul eaters
  12 vampire magi
  Sonja (Lair:5)
  2 titan skeletons
  11 iron trolls
  15 naga sharpshooters
  2 wretched stars (Abyss:3)
  3 crystal echidnas (Dis:2)
  45 sun demons
  A salamander mystic (Snake:4)
  22 skeletal warriors
  10 shadow wraiths
  3 anaconda zombies
  13 hell knights
  A spatial maelstrom (Abyss:1)
  11 sea snakes
  20 sixfirhies
  5 flayed ghosts
  A bunyip zombie (Crypt:3)
  60 deep trolls
  6 naga ritualists
  An orange crystal statue (D:9)
  7 bog bodies
  3 glowing orange brains
  19 wizards
  3 starcursed masses (Abyss:2)
  6 shadow demons (Pan)
  16 harpies
  24 deep elf archers
  5 necromancers
  2 obsidian statues
  56 deep elf pyromancers
  10 lindwurms
  16 orc knights
  25 deep elf zephyrmancers
  9 phantasmal warriors
  15 ironbound convokers
  2 oklob plants
  24 ugly things
  A shadow dragon skeleton (Crypt:3)
  A golden dragon skeleton (Crypt:1)
  3 orc sorcerers (Orc:2)
  9 mana vipers
  A human zombie (Vaults:3)
  11 fauns
  5 shining eyes
  15 salamanders
  7 cyclopes
  A manticore (shapeshifter) (Vaults:5)
  2 worldbinders (Abyss:2)
  24 moths of wrath
  3 stone giant zombies
  14 manticores
  5 toenail golems (Volcano)
  34 elephants
  7 merfolk sirens
  30 black mambas
  A rust devil (Hell)
  5 water nymphs
  3 torpor snails
  2 spriggan zombies (Crypt:2)
  A naga zombie (Crypt:3)
  7 molten gargoyles
  16 guardian serpents
  26 vault sentinels
  20 naga magi
  8 gargoyles
  A dire elephant skeleton (Pan)
  2 ice statues (Hell)
  An eye of devastation (shapeshifter) (Vaults:5)
  2 centaur zombies (Crypt:2)
  A catoblepas zombie (Crypt:2)
  4 spriggan skeletons
  3 spectral sea snakes
  18 cane toads
  A komodo dragon (shapeshifter) (Depths:4)
  38 smoke demons
  3 centaur skeletons
  3 eyes of devastation
  20 orange demons
  A grey draconian zombie (Crypt:2)
  10 komodo dragons
  15 demonic crawlers
  3 guardian mummies (Crypt:2)
  27 yaktaurs
  7 tormentors
  20 freezing wraiths
  Psyche (D:9)
  An emperor scorpion zombie (Crypt:2)
  9 rime drakes
  A sea snake zombie (Hell)
  14 hellions
  A yaktaur skeleton (Vaults:3)
  3 tengu conjurers
  4 ancient zymes
  6 ice devils
  A kobold demonologist (D:12)
  2 anaconda simulacra (IceCv)
  13 hellwings
  A spectral water nymph (Shoals:3)
  18 red devils
  13 trolls
  12 efreet
  An entropy weaver simulacrum (IceCv)
  4 spectral merfolk (Shoals:3)
  32 merfolk
  A tyrant leech (Lair:6)
  4 wind drakes
  3 hydra zombies (Hell)
  5 harpy zombies
  54 slime creatures
  23 blink frogs
  A jumping spider (Vaults:2)
  Prince Ribbit (D:8)
  72 saltlings
  A hydra skeleton (Crypt:3)
  12 snapping turtles
  3 harpy skeletons
  2 dream sheep (Shoals:2)
  37 large abominations
  A spectral manticore (Shoals:3)
  2 alligator zombies (Hell)
  3 raiju (Abyss:2)
  A black mamba zombie (Crypt:2)
  A redback (Vaults:2)
  4 shadows (Crypt:3)
  5 vampires (Crypt:3)
  3 flying skulls (Abyss:2)
  A spriggan (shapeshifter) (Vaults:5)
  A yak (shapeshifter) (D:13)
  3 air elementals
  A tarantella (Vaults:2)
  2 alligator skeletons
  4 spriggan simulacra (IceCv)
  A redback (shapeshifter) (Vaults:5)
  A spriggan (Lair:2)
  12 wraiths
  20 water elementals
  6 fire bats
  A wyvern (Lair:4)
  A wyvern (shapeshifter) (Vaults:5)
  22 yaks
  22 neqoxecs
  7 dire elephant simulacra
  2 golden eyes
  21 ynoxinuls
  A death yak simulacrum (Lair:6)
  16 vampire mosquitoes
  8 basilisks
  8 fire elementals
  25 chaos spawn
  A steam dragon (D:8)
  5 spatial vortices (Abyss:1)
  3 wargs (D:9)
  2 harpy simulacra (IceCv)
  7 small abominations
  3 swamp worms (Lair:6)
  72 nagas
  2 spectral snapping turtles (Shoals:2)
  6 hydra simulacra
  30 water moccasins
  12 hell hounds
  A floating eye (Depths:3)
  4 ice beasts
  4 black bears
  7 necrophages
  An elephant zombie (Crypt:2)
  A black mamba simulacrum (Lair:6)
  An ettin simulacrum (IceCv)
  3 alligator simulacra (IceCv)
  4 centaurs
  10 ogres
  6 wolves (Lair:3)
  52 orc warriors
  2 torpor snail zombies (Crypt:2)
  A kobold brigand (D:11)
  13 bullfrogs
  A wyvern zombie (D:9)
  A draconian skeleton (Crypt:2)
  2 earth elementals
  An elf skeleton (Crypt:1)
  A gnoll sergeant (D:9)
  6 scorpions
  A salamander skeleton (Crypt:1)
  A wyvern skeleton (D:6)
  A warg zombie (Crypt:2)
  A water moccasin skeleton (D:4)
  11 killer bees
  3 lindwurm simulacra (IceCv)
  A dream sheep simulacrum (Lair:6)
  3 howler monkeys
  9 electric eels
  A komodo dragon simulacrum (Lair:6)
  A bullfrog zombie (D:5)
  3 jellies
  26 orc priests
  5 hounds (D:5)
  2 iron imps
  3 bullfrog skeletons
  An iguana (D:4)
  25 orc wizards
  6 hell rats (Hell)
  2 killer bee zombies
  A dwarf skeleton (Crypt:2)
  A demigod zombie (Crypt:1)
  3 naga skeletons
  A hound skeleton (D:4)
  6 mummies (Crypt:2)
  A howler monkey zombie (D:7)
  9 adders
  6 gnolls
  2 ufetubi
  A lava snake skeleton (Crypt:2)
  An adder skeleton (D:4)
  3 worms
  A dart slug (D:4)
  83 orcs
  9 ball pythons
  2 bat zombies (Shoals:1)
  12 endoplasms
  4 giant cockroaches
  6 goblins
  8 hobgoblins
  9 jackals
  15 kobolds
  5 quokkas
  A bat (D:2)
  A dart slug zombie (Crypt:1)
  3 frilled lizards
  A frilled lizard skeleton (Crypt:2)
  A hobgoblin skeleton (Crypt:1)
  21 rats
  A fire vortex (Pan)
  8 starspawn tentacles
  16 tentacles
3325 creatures vanquished.

Vanquished Creatures (collateral kills)
  3 very ugly things (Pan)
  A sixfirhy (Pan)
  An ugly thing (Pan)
  A hellwing (Pan)
  A ynoxinul (Pan)
  A neqoxec (Pan)
8 creatures vanquished.

Vanquished Creatures (others)
  2 fire giants
  A vault warden (Vaults:5)
  A ghoul (Vaults:3)
  A purple draconian (Zot:2)
  A jiangshi (Depths:2)
  An ettin (Depths:2)
  A sun demon (Pan)
  2 deep elf knights
  A wizard (Depths:2)
  5 deep elf zephyrmancers
  A moth of wrath (Zot:2)
  2 water elementals (Depths:1)
  A ynoxinul (Pan)
  A naga (Snake:4)
  A sky beast (Abyss:3)
  3 ball lightnings (Pan)
  2 demonic plants (Pan)
  2 fire vortices (Pan)
  120 fungi
  A lurking horror (Abyss:3)
  191 plants
  16 starspawn tentacles
  26 tentacles
  24 withered plants
407 creatures vanquished.

Grand Total: 3740 creatures vanquished

Notes
Turn   | Place    | Note
-------+----------+-------------------------------------------
     0 | D:1      | RepHenryClay the Gargoyle Fighter began the quest for the
                  | Orb.
     0 | D:1      | Reached XP level 1. HP: 14/14 MP: 1/1
    58 | D:1      | Found Paeppoit's Magic Scroll Emporium.
    67 | D:1      | Upgraded the game from 0.28-a0-612-gcfc00ec14d to
                  | 0.28-a0-622-gbaef9634d7
   211 | D:1      | Reached XP level 2. HP: 7/19 MP: 2/2
   796 | D:1      | Found Alylytt's Jewellery Boutique.
   815 | D:1      | Found Bafosesh's Armour Shop.
   815 | D:1      | Found a faded altar of an unknown god.
   968 | D:1      | Reached XP level 3. HP: 22/23 MP: 3/3
  1283 | D:1      | Found Zischan's Armour Shoppe.
  2427 | D:3      | Reached XP level 4. HP: 28/28 MP: 4/4
  2597 | D:3      | Found a snail-covered altar of Cheibriados.
  3167 | D:3      | Reached XP level 5. HP: 19/32 MP: 5/5
  3838 | D:4      | Reached skill level 5 in Armour
  4039 | D:4      | Found a sparkling altar of Nemelex Xobeh.
  4108 | D:4      | Reached XP level 6. HP: 20/37 MP: 6/6
  4341 | D:4      | Identified the +9 war axe of Integrity {speed, Dex+6
                  | Stlth+}
  4950 | D:4      | Noticed a black bear
  4962 | D:4      | Killed a black bear
  4963 | D:4      | Reached skill level 5 in Maces & Flails
  5240 | D:4      | Reached XP level 7. HP: 33/41 MP: 7/7
  5424 | D:4      | Reached skill level 1 in Axes
  5788 | D:4      | Upgraded the game from 0.28-a0-622-gbaef9634d7 to
                  | 0.28-a0-628-g3c9886e45e
  5820 | D:5      | Entered Level 5 of the Dungeon
  5957 | D:5      | Reached XP level 8. HP: 39/46 MP: 8/8
  6109 | D:5      | Reached skill level 5 in Axes
  6669 | D:5      | Found an ornate altar of the Wu Jian Council.
  6752 | D:5      | Reached XP level 9. HP: 51/51 MP: 9/9
  6831 | D:6      | Found a staircase to the Ecumenical Temple.
  6847 | Temple   | Entered the Ecumenical Temple
  7068 | Temple   | Became a worshipper of Warmaster Okawaru
  8514 | D:7      | Found Nuloton's Antique Armour Shoppe.
  8530 | D:7      | Bought a glimmering cloak for 256 gold pieces
  8530 | D:7      | Identified the +0 cloak "Huebre" {rF+ Int+3 Dex-2} (You
                  | bought it in a shop on level 7 of the Dungeon)
  8589 | D:7      | Reached * piety under Okawaru
  8594 | D:7      | Reached skill level 5 in Invocations
  9434 | D:8      | Reached XP level 10. HP: 42/56 MP: 11/14
  9591 | D:8      | Reached ** piety under Okawaru
  9652 | D:8      | Found Ureiri's Distillery.
  9725 | D:8      | Identified the +5 scale mail of Cetwev {rC+}
  9809 | D:8      | Noticed Prince Ribbit
  9815 | D:8      | Killed Prince Ribbit
  9832 | D:8      | Found Jojem's General Store.
  9842 | D:8      | Noticed a six-headed hydra
  9944 | D:8      | Found Mod Tof's Armour Emporium.
  9944 | D:8      | Found Peomp's Assorted Antiques.
 10160 | D:8      | Killed a six-headed hydra
 10161 | D:8      | Reached skill level 5 in Fighting
 10385 | D:9      | Noticed an orange crystal statue
 10540 | D:9      | Noticed Psyche
 10549 | D:9      | Killed Psyche
 10581 | D:9      | Reached skill level 10 in Axes
 10613 | D:9      | Reached *** piety under Okawaru
 10683 | D:9      | Found a staircase to the Orcish Mines.
 10734 | D:9      | Found a hide-covered altar of Uskayaw.
 11025 | D:10     | Entered Level 10 of the Dungeon
 11425 | D:10     | Reached XP level 11. HP: 44/64 MP: 15/15
 11660 | D:10     | Noticed a two-headed ogre
 11668 | D:10     | Killed a two-headed ogre
 11668 | D:10     | Reached **** piety under Okawaru
 11927 | D:10     | Noticed a deep elf knight
 11935 | D:10     | Noticed Harold
 11937 | D:10     | Killed a deep elf knight
 11938 | D:10     | Noticed a +6 triple sword
 11940 | D:10     | Noticed Erica
 11943 | D:10     | Killed Harold
 11943 | D:10     | Noticed a deep elf knight
 11944 | D:10     | Noticed Urug
 12077 | D:9      | Killed an orange crystal statue
 12248 | Orc:1    | Entered Level 1 of the Orcish Mines
 12248 | Orc:1    | Found Ruci's Book Boutique.
 12367 | Orc:1    | Noticed Erolcha
 12375 | Orc:1    | Cast into level 2 of the Abyss (Erolcha)
 12375 | Abyss:2  | Found a corrupted altar of Lugonu.
 12424 | Abyss:2  | Noticed a great orb of eyes
 12438 | Abyss:2  | Killed a great orb of eyes
 12465 | Abyss:2  | Noticed a large abomination
 12538 | Abyss:2  | Noticed a wretched star
 12546 | Abyss:2  | Noticed a faun
 12557 | Abyss:2  | Noticed a sea snake
 12557 | Abyss:2  | a faun changed into a sea snake
 12633 | Abyss:3  | Reached ***** piety under Okawaru
 12645 | Abyss:3  | Noticed a hell hog
 12653 | Abyss:3  | Killed a hell hog
 12653 | Abyss:3  | Received a gift from Okawaru
 12832 | Abyss:3  | Noticed a starcursed mass
 12832 | Abyss:3  | Noticed a tentacled starspawn
 12832 | Abyss:3  | Noticed a tentacled starspawn
 12832 | Abyss:3  | Noticed a wretched star
 12832 | Abyss:3  | Noticed a wretched star
 12832 | Abyss:3  | Noticed an eidolon
 12858 | Abyss:3  | Killed a tentacled starspawn
 12861 | Orc:1    | Escaped the Abyss
 12880 | Orc:1    | Killed a tentacled starspawn
 12881 | Orc:1    | Reached skill level 10 in Armour
 12881 | Orc:1    | Reached XP level 12. HP: 11/75 MP: 10/16
 13303 | D:11     | Noticed a boulder beetle
 13327 | D:11     | Killed a boulder beetle
 13568 | D:11     | Found a staircase to the Lair.
 14764 | Lair:1   | Entered Level 1 of the Lair of Beasts
 14878 | Lair:1   | Found a snail-covered altar of Cheibriados.
 15227 | Lair:1   | Received a gift from Okawaru
 15670 | Lair:1   | Found the +8 whip "Snakebite" {venom, curare, rPois}
 16040 | Lair:1   | Reached XP level 13. HP: 80/80 MP: 17/17
 16174 | Lair:2   | Reached skill level 15 in Axes
 16584 | Lair:2   | Noticed a dire elephant
 16607 | Lair:2   | Killed a dire elephant
 16988 | Lair:2   | Received a gift from Okawaru
 18300 | Lair:3   | Found a staircase to the Snake Pit.
 18324 | Lair:3   | Reached skill level 10 in Fighting
 19128 | Lair:3   | Gained mutation: Your large and strong wings let you fly.
                  | [Gargoyle growth]
 19128 | Lair:3   | Reached XP level 14. HP: 50/88 MP: 18/18
 19309 | Lair:4   | Found a staircase to the Shoals.
 19334 | Lair:4   | Found a dark tunnel.
 19342 | Volcano  | Entered a volcano
 19516 | Volcano  | Reached ****** piety under Okawaru
 19569 | Volcano  | Received a gift from Okawaru
 19651 | Volcano  | Identified the +1 leather armour of the Hidden Vale {Regen+
                  | Dex+2}
 19673 | Volcano  | Identified the +1 hat of Ru's Envy {rF+}
 20772 | Lair:5   | Found an iron altar of Okawaru.
 20811 | Lair:5   | Noticed Sonja
 20827 | Lair:5   | Killed Sonja
 21201 | Lair:5   | Received a gift from Okawaru
 21218 | Lair:5   | Found a staircase to the Slime Pits.
 21218 | Lair:5   | Found a viscous altar of Jiyva.
 21746 | Lair:5   | Reached XP level 15. HP: 66/99 MP: 19/19
 21893 | Lair:5   | Got the Grimoire of Earthen Beguiling
 22525 | Lair:5   | Received a gift from Okawaru
 22680 | Lair:5   | Reached skill level 15 in Armour
 23422 | Lair:6   | Entered Level 6 of the Lair of Beasts
 23469 | Lair:6   | Found a runed translucent gate.
 23470 | Lair:6   | Found a runed translucent gate.
 23470 | Lair:6   | Found a runed translucent gate.
 23976 | Lair:6   | Received a gift from Okawaru
 24356 | Lair:6   | Identified the +5 robe "Tizafeudgh" {*Slow rN++}
 24756 | Lair:6   | Noticed ojifijod's ghost (journeyman MiFi)
 24973 | Lair:6   | Reached skill level 10 in Invocations
 25046 | Lair:6   | Cast into level 2 of the Abyss (a wizard)
 25311 | Abyss:2  | Noticed a tentacled starspawn
 25328 | Abyss:2  | Killed a tentacled starspawn
 25347 | Lair:6   | Escaped the Abyss
 25406 | Lair:6   | Found a burning altar of Makhleb.
 25448 | Lair:6   | Received a gift from Okawaru
 25462 | Lair:6   | Reached XP level 16. HP: 67/106 MP: 24/24
 25640 | Lair:6   | Found a gateway to Hell.
 25910 | Lair:5   | Killed ojifijod's ghost
 25973 | Lair:6   | Got the ring "Ahida" {Fire Int+3}
 26273 | Orc:1    | Killed Erolcha
 26608 | Orc:2    | Entered Level 2 of the Orcish Mines
 26650 | Orc:2    | Found a burning altar of Makhleb.
 26949 | Orc:2    | Found a staircase to the Elven Halls.
 27006 | Orc:2    | Found Quulyof's Distillery.
 27458 | Orc:2    | Received a gift from Okawaru
 27494 | Orc:2    | Found Wehyr's Antique Weapon Boutique.
 28135 | Orc:2    | Found Boptut's Antique Armour Shop.
 28395 | Orc:2    | Found Labror Idyip's Weapon Shoppe.
 28750 | Orc:2    | Bought a smelly plate armour for 504 gold pieces
 28750 | Orc:2    | Identified the +1 plate armour of Ompen {*Slow Regen+ rCorr
                  | Str+7} (You bought it in a shop on level 2 of the Orcish
                  | Mines)
 28982 | D:1      | Bought the +1 pair of gloves "Zuufas" {rElec Str+5 Dex-3}
                  | for 304 gold pieces
 29149 | D:7      | Bought a translucent plate armour for 756 gold pieces
 29149 | D:7      | Identified the +2 plate armour of Ypupsox {rElec} (You
                  | bought it in a shop on level 7 of the Dungeon)
 29224 | D:6      | Upgraded the game from 0.28-a0-628-g3c9886e45e to
                  | 0.28-a0-631-g0446da8ef9
 29382 | D:12     | Reached skill level 15 in Fighting
 29414 | D:12     | Noticed Nessos
 29432 | D:12     | Killed Nessos
 30149 | D:12     | Noticed Azrael
 30164 | D:12     | Killed Azrael
 30396 | D:13     | Found a gate to the Vaults.
 30411 | D:13     | Identified the +1 robe of Nirrugg {rCorr} (Okawaru gifted
                  | it to you on level 13 of the Dungeon)
 30411 | D:13     | Received a gift from Okawaru
 31803 | D:14     | Noticed Rupert
 31973 | D:14     | Killed Rupert
 32113 | D:15     | Entered Level 15 of the Dungeon
 32113 | D:15     | Identified a scroll of acquirement
 32128 | D:15     | Acquired a +2 vampiric executioner's axe
 32445 | D:1      | Bought a scroll of acquirement for 572 gold pieces
 32445 | D:1      | Acquired the ring of Seprec {Contam *Corrode rF+++ Str+8
                  | Int+6}
 33140 | D:15     | Found a staircase to the Depths.
 34267 | D:1      | Bought a ring of willpower for 325 gold pieces
 34835 | D:10     | Reached XP level 17. HP: 106/116 MP: 26/26
 34840 | D:10     | Killed Erica
 34850 | D:10     | Killed Urug
 34929 | D:10     | Upgraded the game from 0.28-a0-631-g0446da8ef9 to
                  | 0.28-a0-643-g84cb2ea78e
 35072 | Snake:1  | Entered Level 1 of the Snake Pit
 35292 | Lair:3   | Reached skill level 1 in Dodging
 35859 | Snake:1  | Received a gift from Okawaru
 36505 | Snake:1  | Reached skill level 5 in Dodging
 36805 | Snake:1  | Found Orhidosm's Assorted Antiques.
 36903 | Snake:2  | Received a gift from Okawaru
 37611 | Snake:2  | You are sucked into a shaft and drop 1 floor!
 38130 | Snake:2  | Identified the +9 great mace of the Thieving Stork {vorpal,
                  | rElec rPois rCorr Str+2} (Okawaru gifted it to you on level
                  | 2 of the Snake Pit)
 38130 | Snake:2  | Received a gift from Okawaru
 38558 | Snake:2  | Found Wonainwo's General Store.
 38562 | Snake:2  | Found Sijuneer's Specific Store.
 38864 | Snake:2  | Bought a scroll of teleportation for 33 gold pieces
 38911 | Snake:2  | You are sucked into a shaft and drop 1 floor!
 38956 | Snake:3  | Got Kikubaaqudgha's Disquisition on Necromancy
 39575 | Snake:3  | Received a gift from Okawaru
 39786 | Snake:3  | Reached XP level 18. HP: 117/122 MP: 17/27
 40631 | Snake:4  | Entered Level 4 of the Snake Pit
 40646 | Snake:4  | Reached skill level 10 in Dodging
 40893 | Snake:4  | Reached skill level 5 in Shields
 41436 | Snake:4  | Noticed Vashnia
 41501 | Snake:4  | Killed Vashnia
 41567 | Snake:4  | Received a gift from Okawaru
 43026 | Snake:4  | Got a serpentine rune of Zot
 43274 | Shoals:1 | Entered Level 1 of the Shoals
 44452 | Shoals:1 | Received a gift from Okawaru
 45056 | Shoals:2 | Reached XP level 19. HP: 130/130 MP: 28/28
 45064 | Shoals:2 | Found a transporter.
 45216 | Shoals:2 | Noticed timneilson's ghost (adept DDFi)
 45599 | Shoals:2 | Identified the ring of the Ant {rF+ Will+ Dex+8 Stlth+}
 45611 | Shoals:2 | Found a transporter.
 45877 | Shoals:3 | Received a gift from Okawaru
 47146 | Shoals:4 | Entered Level 4 of the Shoals
 47260 | Shoals:4 | Found a frozen archway.
 47276 | IceCv    | Entered an ice cave
 47573 | IceCv    | Found an ancient bone altar of Kikubaaqudgha.
 47591 | IceCv    | Received a gift from Okawaru
 48607 | Shoals:4 | Received a gift from Okawaru
 48930 | Shoals:4 | Found the +8 autumn katana {vorpal, Clar}
 49361 | Shoals:4 | Identified the +8 chain mail of Lugonu's Esteem {Regen+
                  | Str+4 Slay-4}
 49446 | Shoals:4 | Got a barnacled rune of Zot
 50041 | Vaults:1 | Entered Level 1 of the Vaults
 50057 | Vaults:1 | Reached XP level 20. HP: 52/140 MP: 29/29
 50654 | Vaults:1 | Identified the +0 pair of boots of Egemib {Will+} (Okawaru
                  | gifted it to you on level 1 of the Vaults)
 50654 | Vaults:1 | Received a gift from Okawaru
 51093 | Vaults:1 | Got the Catalogue of Beguiling and Dislocation
 51642 | Vaults:2 | Noticed Mennas
 51647 | Arena    | Entered the Arena
 51688 | Arena    | Killed Mennas
 52154 | Vaults:2 | Noticed Boris
 52166 | Vaults:2 | Killed Boris
 52695 | Vaults:2 | Received a gift from Okawaru
 53069 | D:1      | Bought a scroll of enchant weapon for 82 gold pieces
 53997 | Vaults:2 | Identified the +8 mace of Destiny {venom, rElec rPois
                  | Dex+2}
 54032 | Vaults:2 | Received a gift from Okawaru
 54216 | Vaults:2 | Noticed Mara
 54231 | Vaults:2 | Killed Mara
 54540 | Vaults:3 | Reached XP level 21. HP: 118/145 MP: 30/30
 54556 | Vaults:3 | Found a crumbling gateway.
 54638 | Desolati | Entered the Desolation of Salt
 54706 | Desolati | Received a gift from Okawaru
 54965 | Desolati | Identified the amulet "Figitoisuh" {rC- Regen+ Str+9
                  | Stlth+}
 54994 | Desolati | Identified the amulet "Utwext" {rElec Regen+}
 55005 | Desolati | Identified the +11 hand axe of Frustration {speed, rC-
                  | Int+6}
 55025 | Desolati | Received a gift from Okawaru
 55032 | Desolati | Identified the +8 chain mail of Wrong Decisions {rC+ rN+}
 55252 | Desolati | Identified the ring of Untruth {rPois rF+ Int+2}
 55326 | Desolati | Got Sych's Guide on Earth
 55451 | Desolati | Found the +5 sword of Power {vorpal}
 55463 | Desolati | Identified the ring "Jicw" {Will+ Int-3 Dex+4}
 55466 | Desolati | Identified the +4 chain mail "Qoinofon" {Rampage rC+ Will+
                  | Str-5}
 55558 | Desolati | Identified the +0 pair of gloves "Mall" {Rampage rC+ rN+
                  | Int+6 Dex-2} (Okawaru gifted it to you in the Desolation of
                  | Salt)
 55558 | Desolati | Received a gift from Okawaru
 55582 | Desolati | Identified the ring "Icoth" {rF+ rN+}
 55592 | Desolati | Identified the amulet of Sexoej {RegenMP rF- Dex+6}
 55860 | Desolati | Identified the +7 great mace of Conservatism {vamp, Contam
                  | rC+ Will+++ MP+9}
 56017 | Vaults:3 | Found a staircase to the Crypt.
 56106 | Vaults:3 | Noticed Aizul
 56132 | Vaults:3 | Killed Aizul
 56349 | Vaults:3 | Identified the +9 longbow "Fouf" {speed, rF+}
 56362 | Vaults:3 | Found a runed translucent gate.
 56362 | Vaults:3 | Found a runed translucent gate.
 56362 | Vaults:3 | Found a runed translucent gate.
 56363 | Vaults:3 | Noticed Sibahig's ghost (veteran HOMo)
 57204 | Vaults:4 | Identified the +0 crystal plate armour of Undesirable
                  | Species {-Tele rCorr Int+9 Dex+5} (Okawaru gifted it to you
                  | on level 4 of the Vaults)
 57204 | Vaults:4 | Received a gift from Okawaru
 57230 | Vaults:4 | Reached XP level 22. HP: 132/152 MP: 31/31
 58610 | D:7      | Bought a turquoise-encrusted plate armour for 756 gold
                  | pieces
 58610 | D:7      | Identified the +5 plate armour of Ydaufofynt {rPois rF+
                  | Str+6 Dex-3} (You bought it in a shop on level 7 of the
                  | Dungeon)
 59074 | Depths:1 | Entered Level 1 of the Depths
 59081 | Depths:1 | Acquired the ring "Jioq" {AC+4 Str+5 Int+2}
 59354 | Elf:1    | Entered Level 1 of the Elven Halls
 59426 | Elf:1    | Paralysed by an air elemental for 1 turns
 59592 | Elf:1    | Received a gift from Okawaru
 59593 | Elf:1    | Found Tighuph's General Store.
 59957 | Elf:1    | Received a gift from Okawaru
 60283 | Elf:2    | Found Nosutum's Antique Weapon Boutique.
 60970 | Elf:2    | Found a runed translucent gate.
 60970 | Elf:2    | Found a runed translucent gate.
 60971 | Elf:2    | Found a runed translucent gate.
 61020 | Elf:2    | Found a radiant altar of Vehumet.
 61534 | Elf:2    | Reached XP level 23. HP: 112/157 MP: 32/32
 61811 | Elf:3    | Entered Level 3 of the Elven Halls
 62013 | Elf:3    | Paralysed by an air elemental for 1 turns
 62093 | Elf:3    | Received a gift from Okawaru
 62823 | Elf:3    | Received a gift from Okawaru
 63058 | Elf:3    | Identified the +1 pair of gloves of Zealous Happiness
                  | {+Blink}
 63097 | Elf:3    | Identified the +3 plate armour of Vehumet's Reproof {rC+
                  | rN+}
 63135 | Elf:3    | Got the Handbook of the Fetching Frostbite
 63157 | Elf:3    | Acquired 889 gold pieces
 63557 | Vaults:5 | Entered Level 5 of the Vaults
 63584 | Vaults:5 | Noticed an ancient lich
 63599 | Vaults:5 | Killed an ancient lich
 64014 | Vaults:5 | Received a gift from Okawaru
 64025 | Vaults:5 | Identified the +11 trident of the Three Tusks {speed,
                  | *Noise Str+4 Int+5 Dex+2}
 64048 | Vaults:5 | Acquired the ring "Vonesek" {rC+ Str+3}
 64085 | Vaults:5 | Noticed a dread lich
 64096 | Vaults:5 | Killed a dread lich
 64174 | Vaults:5 | Reached skill level 1 in Throwing
 64238 | Vaults:5 | Reached XP level 24. HP: 167/168 MP: 32/32
 64334 | Vaults:5 | Identified the amulet of the Devil {Faith rPois rN+}
 64334 | Vaults:5 | Identified the +6 short sword of Exquisite Torment {freeze,
                  | *Slow rN+ Int+3}
 64470 | Vaults:5 | Reached skill level 5 in Throwing
 64538 | Vaults:5 | Noticed an ancient lich
 64565 | Vaults:5 | Killed an ancient lich
 64669 | Vaults:5 | Got a silver rune of Zot
 64671 | Vaults:5 | Got the Disquisition on Execration
 64715 | Vaults:5 | Identified the ring "Hero's Friend" {Will++ rCorr Str+6}
 64726 | Vaults:5 | Received a gift from Okawaru
 64798 | Vaults:5 | Noticed Xtahua
 64811 | Vaults:5 | Killed Xtahua
 65524 | Depths:1 | Noticed Boris
 65537 | Depths:1 | Killed Boris
 65553 | Depths:1 | Found a one-way gate leading to the halls of Pandemonium.
 66402 | Depths:1 | Found a one-way gate to the infinite horrors of the Abyss.
 66562 | Depths:2 | Noticed Nikola
 66571 | Depths:2 | Reached skill level 10 in Throwing
 66576 | Depths:2 | Found a transporter.
 66586 | Depths:2 | Killed Nikola
 66694 | Depths:2 | Received a gift from Okawaru
 66888 | Depths:2 | Found a transporter.
 66926 | Depths:1 | Identified the +1 quarterstaff of the Destroying Tiger
                  | {vorpal, Int+5}
 67372 | Depths:2 | Found a gateway to a ziggurat.
 67555 | Depths:2 | Identified the ring of the Prince of Darkness {Will+ Int+4
                  | Dex+2}
 67571 | Depths:2 | Identified the amulet "Odeaskew" {rPois Regen+}
 67661 | Depths:3 | Noticed Frederick
 67671 | Depths:3 | Received a gift from Okawaru
 67689 | Depths:3 | Killed Frederick
 67730 | Depths:3 | Reached XP level 25. HP: 166/175 MP: 32/32
 67920 | Depths:3 | Noticed Louise
 67949 | Depths:3 | Killed Louise
 68337 | Depths:3 | Found Nirphute's Jewellery Boutique.
 68337 | Depths:3 | Found Uxkiw's Book Emporium.
 68339 | Depths:3 | Found Gautoppecw's Jewellery Boutique.
 68354 | Depths:3 | Bought the amulet "Yttipteh" {Acrobat Regen+} for 592 gold
                  | pieces
 68496 | Depths:3 | Found an ornate altar of the Wu Jian Council.
 68599 | Depths:4 | Entered Level 4 of the Depths
 68634 | Depths:4 | Noticed a juggernaut
 68646 | Depths:4 | Killed a juggernaut
 68780 | Depths:4 | Found a gate to the Realm of Zot.
 68826 | Depths:4 | Identified the +12 battleaxe of Taxation {spect, rElec
                  | Str+2} (Okawaru gifted it to you on level 4 of the Depths)
 68826 | Depths:4 | Received a gift from Okawaru
 68959 | Depths:4 | Got the Collected Works on Congealing Weightlessness
 69258 | Depths:4 | Found a runed translucent gate.
 69258 | Depths:4 | Found a runed translucent gate.
 69258 | Depths:4 | Found a runed translucent gate.
 69259 | Depths:4 | Found an opulent altar of Gozag.
 69273 | Depths:4 | Noticed Woytaw's ghost (adept HaHu)
 69489 | Depths:4 | Killed Woytaw's ghost
 70025 | Shoals:2 | Killed timneilson's ghost
 70448 | Vaults:3 | Killed Sibahig's ghost
 70449 | Vaults:3 | Received a gift from Okawaru
 71453 | Slime:1  | Entered Level 1 of the Pits of Slime
 71633 | Slime:3  | Gained mutation: You are dopey. (Int -2) [a shining eye]
 71634 | Slime:3  | Gained mutation: You have large cloven feet. [a shining
                  | eye]
 71656 | Slime:4  | Found a viscous altar of Jiyva.
 72270 | Slime:4  | Gained mutation: You are clumsy. (Dex -2) [a shining eye]
 72354 | Slime:5  | Entered Level 5 of the Pits of Slime
 72427 | Slime:5  | Gained mutation: Your body sometimes deteriorates upon
                  | taking damage. [a shining eye]
 72429 | Slime:5  | Gained mutation: You tend to lose your temper in combat. [a
                  | shining eye]
 72431 | Slime:5  | Lost mutation: You tend to lose your temper in combat.
                  | [potion of mutation]
 72431 | Slime:5  | Lost mutation: Your body sometimes deteriorates upon taking
                  | damage. [potion of mutation]
 72431 | Slime:5  | Gained mutation: You possess an exceptional clarity of
                  | mind. [potion of mutation]
 72431 | Slime:5  | Gained mutation: You are partially covered in large bone
                  | plates. (SH +4) [potion of mutation]
 72431 | Slime:5  | Gained mutation: You have supernaturally acute eyesight.
                  | (SInv) [potion of mutation]
 72431 | Slime:5  | Gained mutation: Your flesh is heat resistant. (rF+)
                  | [potion of mutation]
 72472 | Slime:5  | Noticed the Royal Jelly
 72591 | Slime:5  | Found a viscous altar of Jiyva.
 72653 | Slime:5  | Killed the Royal Jelly
 72653 | Slime:5  | Received a gift from Okawaru
 72654 | Slime:5  | Reached XP level 26. HP: 179/190 MP: 26/32
 72721 | Slime:5  | Got a slimy rune of Zot
 72793 | Slime:5  | Identified the +1 scale mail of Telempuq {rF+}
 73449 | Depths:1 | Voluntarily entered the Abyss.
 73458 | Abyss:1  | Noticed an ancient lich
 73468 | Abyss:1  | Killed an ancient lich
 73592 | Abyss:1  | Noticed an ancient lich
 73606 | Abyss:1  | Killed an ancient lich
 73606 | Abyss:1  | Received a gift from Okawaru
 73668 | Abyss:2  | Found a corrupted altar of Lugonu.
 73791 | Abyss:3  | Identified the ring "Yliefiy" {Contam rElec Will+ Int-4
                  | SInv}
 73825 | Abyss:3  | Received a gift from Okawaru
 73826 | Abyss:3  | Reached skill level 27 in Fighting
 73901 | Abyss:3  | Reached skill level 1 in Evocations
 74134 | Abyss:3  | Got an abyssal rune of Zot
 74159 | Depths:1 | Escaped the Abyss
 74250 | Zot:1    | Entered Level 1 of the Realm of Zot
 74277 | Zot:1    | Received a gift from Okawaru
 74543 | Zot:1    | Received a gift from Okawaru
 75041 | Zot:2    | Received a gift from Okawaru
 75218 | Zot:2    | Reached XP level 27. HP: 199/199 MP: 32/32
 75320 | Zot:2    | Identified the +3 broad axe "Muodypt" {freeze, Dex+4}
                  | (Okawaru gifted it to you on level 2 of the Realm of Zot)
 75320 | Zot:2    | Received a gift from Okawaru
 75323 | Zot:2    | Noticed an orb of fire
 75326 | Arena    | Entered the Arena
 75331 | Arena    | Killed an orb of fire
 76211 | Zot:3    | Received a gift from Okawaru
 76878 | Zot:4    | Identified the +2 broad axe "Fish" {vorpal, Str+6 Int-2
                  | Dex+7} (Okawaru gifted it to you on level 4 of the Realm of
                  | Zot)
 76878 | Zot:4    | Received a gift from Okawaru
 77475 | Zot:5    | Entered Level 5 of the Realm of Zot
 77792 | Zot:5    | Received a gift from Okawaru
 78248 | Temple   | Fell from the grace of Okawaru
 78248 | Temple   | Became a worshipper of the Shining One
 78525 | Crypt:1  | Entered Level 1 of the Crypt
 78579 | Crypt:1  | Reached * piety under the Shining One
 78693 | Crypt:1  | Noticed Bai Suzhen
 78704 | Crypt:1  | Killed Bai Suzhen
 78731 | Crypt:1  | Reached ** piety under the Shining One
 78881 | Crypt:1  | You are sucked into a shaft and drop 1 floor!
 79008 | Crypt:1  | Reached *** piety under the Shining One
 79010 | Crypt:1  | Noticed Boris
 79021 | Crypt:1  | Killed Boris
 79601 | Crypt:2  | Reached **** piety under the Shining One
 79788 | Crypt:2  | Reached ***** piety under the Shining One
 80128 | Crypt:2  | Noticed a royal mummy
 80133 | Crypt:2  | Killed a royal mummy
 80255 | Crypt:3  | Entered Level 3 of the Crypt
 80340 | Crypt:3  | Reached ****** piety under the Shining One
 80355 | Crypt:3  | Identified a +9 executioner's axe of holy wrath (a +9
                  | vampiric executioner's axe blessed by the Shining One)
 80355 | Crypt:3  | Received a gift from the Shining One
 80597 | Crypt:3  | Noticed Boris
 80608 | Crypt:3  | Killed Boris
 80609 | Crypt:3  | Reached skill level 15 in Throwing
 80679 | Crypt:3  | Noticed Jory
 80688 | Crypt:3  | Killed Jory
 80761 | Crypt:3  | Identified the amulet of Honovil {RegenMP rF+ rC+ Int+3}
 80819 | Crypt:3  | Got the Collected Works on Necromancy
 80903 | Crypt:3  | Found a staircase to the Tomb.
 81019 | Crypt:3  | Found an ancient bone altar of Kikubaaqudgha.
 81021 | Crypt:3  | Noticed an ancient lich
 81027 | Crypt:3  | Killed an ancient lich
 81044 | Crypt:3  | Noticed an ancient lich
 81047 | Crypt:3  | Killed an ancient lich
 81056 | Crypt:3  | Identified the ring of Freedom {Wiz rN+ Will+ Int+4}
 81357 | Crypt:3  | Found the +12 glaive of Prune {vorpal}
 81954 | D:8      | Bought a scroll of summoning for 247 gold pieces
 82481 | Pan      | Entered Pandemonium
 82541 | Pan      | Noticed Jovveec the pandemonium lord
 82553 | Pan      | Upgraded the game from 0.28-a0-643-g84cb2ea78e to
                  | 0.28-a0-653-g7e9dba17c3
 82559 | Pan      | Killed Jovveec the pandemonium lord
 82939 | Pan      | Noticed Afumeh the pandemonium lord
 82957 | Pan      | Killed Afumeh the pandemonium lord
 83018 | Pan      | Found a runed translucent door.
 83242 | Pan      | Lost mutation: You are partially covered in large bone
                  | plates. (SH +4) [a cacodemon]
 83256 | Pan      | Reached skill level 27 in Armour
 83369 | Pan      | Got a demonic rune of Zot
 83586 | Pan      | Entered the realm of Mnoleg.
 83852 | Pan      | Noticed Mnoleg
 83862 | Pan      | Identified the -10 tower shield of Quantum Leap {Will+
                  | Slay+2 Stlth+}
 83873 | Pan      | Killed Mnoleg
 83907 | Pan      | Reached skill level 15 in Dodging
 83930 | Pan      | Gained mutation: You occasionally shout uncontrollably at
                  | your foes. [a cacodemon]
 83986 | Pan      | Got a glowing rune of Zot
 84853 | Pan      | Noticed Budaurerph the pandemonium lord
 84860 | Pan      | Killed Budaurerph the pandemonium lord
 84872 | Pan      | Reached skill level 15 in Invocations
 84879 | Pan      | Identified the +3 leather armour of Babor {Will+ Regen+}
 85222 | Pan      | Found an exit through the horrors of the Abyss.
 85460 | Pan      | Noticed Jasam the pandemonium lord
 85463 | Pan      | Entered the realm of Lom Lobon.
 85468 | Pan      | Killed Jasam the pandemonium lord
 85652 | Pan      | Noticed Lom Lobon
 85663 | Pan      | Killed Lom Lobon
 85676 | Pan      | Got a magical rune of Zot
 85981 | Pan      | Noticed Oseyb the pandemonium lord
 85992 | Pan      | Killed Oseyb the pandemonium lord
 86047 | Pan      | Found an exit through the horrors of the Abyss.
 86291 | Pan      | Noticed Souss the pandemonium lord
 86303 | Pan      | Killed Souss the pandemonium lord
 86604 | Pan      | Was forgiven by Okawaru
 87080 | Pan      | Noticed Mosilif the pandemonium lord
 87092 | Pan      | Killed Mosilif the pandemonium lord
 87126 | Pan      | Identified the +7 flail "Majoqaagh" {vorpal, *Corrode rElec
                  | rN+}
 87128 | Pan      | Entered the realm of Gloorx Vloq.
 87454 | Pan      | Noticed Gloorx Vloq
 87473 | Pan      | Killed Gloorx Vloq
 87477 | Pan      | Got a dark rune of Zot
 87856 | Pan      | Entered the realm of Cerebov.
 88382 | Pan      | Identified the ring "Cicydwit" {Str+6 Int+3}
 88706 | Pan      | Identified the +9 mace of Wapp {vorpal, rC+ Will+ Int+4
                  | Dex+2}
 88706 | Pan      | Identified the ring "Lecoyf" {MP+9 Int+6 Stlth+}
 88709 | Pan      | Found the +6 sword of Cerebov {flame}
 88709 | Pan      | Noticed Cerebov
 88883 | Pan      | Killed Cerebov
 88909 | Pan      | Got a fiery rune of Zot
 88939 | Pan      | Identified the +7 arbalest "Lud Ces" {freeze, rPois rCorr
                  | Str+6}
 89010 | Pan      | Got the Collected Works on Attacks
 89026 | Pan      | Got Watem's Almanac of the Cicada
 89164 | Pan      | Lost mutation: You possess an exceptional clarity of mind.
                  | [a cacodemon]
 89454 | Pan      | Lost mutation: You have large cloven feet. [a neqoxec]
 89454 | Pan      | Noticed Inadoip the pandemonium lord
 89464 | Pan      | Killed Inadoip the pandemonium lord
 89845 | Pan      | Noticed Arhyolyi the pandemonium lord
 89846 | Pan      | Gained mutation: Armour fits poorly on your strangely
                  | shaped body. [a cacodemon]
 89873 | Pan      | Killed Arhyolyi the pandemonium lord
 89884 | Depths:1 | Escaped Pandemonium
 89936 | Hell     | Entered the Vestibule of Hell
 89936 | Hell     | Noticed Geryon
 89943 | Hell     | Killed Geryon
 90015 | Hell     | Found a gateway to the Iron City of Dis.
 90089 | Hell     | Found a gateway to the freezing wastes of Cocytus.
 90212 | Hell     | Found a gateway to the decaying netherworld of Tartarus.
 90362 | Hell     | Found a gateway to the ashen valley of Gehenna.
 90471 | Dis:1    | Entered Level 1 of the Iron City of Dis
 91268 | Dis:4    | HP: 9/199 [acid (3)]
 91269 | Dis:4    | HP: 3/199 [caustic shrike (7)]
 91269 | Dis:4    | Splashed by a caustic shrike's acid

Illustrated notes

Levels and vault maps discovered:
D:1:      dpeg_arrival_rooms_with_view, layout_loops_corners, serial_shops,
          shop, nicolae_shop_crystal, shop, shop, basic_ecumenical_altar,
          minmay_distorted
D:2:      layout_basic, nrook_uturn, kennysheep_generic_room_10
D:3:      layout_loops_cross, old_standard_altar, minmay_rat_hole
D:4:      layout_basic, lemuel_crystal_altar, minmay_pentangle
D:5:      cheibrodos_two_vegetables, layout_rooms, overflow_temple_1_default,
          minmay_a_box_with_orc_wizards_in_it
D:6:      layout_cave_pools, minmay_temple_entry_proselytizer,
          serial_bayou_pond_c
D:7:      layout_gridville, serial_shops, nicolae_stop_n_shop_1
D:8:      layout_gridville, serial_shops, shop, nicolae_shop_trees, shop, shop,
          uniq_prince_ribbit1
D:9:      layout_cave_pools, mainiacjoe_overflow_cross_hatched,
          minmay_orc_entry_guard_dogs, minmay_statue_bubble, uniq_psyche
D:10:     layout_stronghold, sword_in_stone
D:11:     layout_gridville, dpeg_oklobed_lair
D:12:     layout_cave_pools, uniq_azrael, uniq_nessos
D:13:     layout_stronghold, grunt_vaults_entry_fortified
D:14:     layout_rooms, kennysheep_another_room, uniq_rupert
D:15:     grunt_enter_depths_snipers, layout_cave_pods, minmay_misc_feat_tiny
Temple:   compressed_dpeg_circular_temple
Lair:1:   minmay_guarded_unrand_snakebite, layout_regular_city,
          kennysheep_snail_temple, infiniplex_staircase_pool_2,
          grunt_megastairs_4, serial_bayou_shore_b
Lair:2:   mu_elephants_graveyard, layout_chaotic_city, serial_bayou_shore_b,
          infiniplex_staircase_pool, serial_bayou_shore_a, serial_bayou_shore_b
Lair:3:   layout_roguey, minmay_snake_entry_guardpost_large
Lair:4:   layout_regular_city, elwin_shoals_entry_rocks,
          nicolae_volcano_entry_lava_flow, grunt_megastairs_3,
          lemuel_fruit_fields
Lair:5:   nzn_winding_woodlands_cross [nzn_winding_woodlands_5x15_cabin,
          nzn_winding_woodlands_5x15_garden, nzn_winding_woodlands_5x15_pockets,
          nzn_winding_woodlands_5x15_parted,
          nzn_winding_woodlands_15x15_five_gardens], layout_small_grid,
          slime_altar_1, basic_altar, uniq_sonja, uniq_urug
Lair:6:   evil_forest, layout_cave_pods, gammafunk_ghost_icy, worms_lemuel
Shoals:1: layout_shoals, nicolae_shoals_undead_eyrie
Shoals:2: layout_shoals, ebering_ghost_davey_jones
Shoals:3: layout_shoals, nicolae_shoals_cliffside_cave,
          nicolae_shoals_spectral_cove
Shoals:4: shoals_end_hangedman, layout_shoals, portal_ice_cave_entry_dragon
Snake:1:  layout_rooms, serial_shops, shop_fountains
Snake:2:  layout_misc_corridors, nicolae_specific_store, st_stairs_8
Snake:3:  layout_cave_pods, fake_guardian_serpent_vault
Snake:4:  minmay_snake_end_coiled, layout_cave_town, uniq_vashnia
Slime:1:  layout_caves
Slime:2:  cheibrodos_slime_lost_civilization_10, layout_caves
Slime:3:  layout_caves, nicolae_slime_barrier
Slime:4:  layout_caves, basic_altar
Slime:5
Orc:1:    layout_caves, serial_shops, nicolae_square_shop, uniq_erolcha
Orc:2:    grunt_orc_community_town_hall, layout_caves,
          grunt_orc_community_big_house_2, grunt_orc_community_big_house_1,
          grunt_orc_community_house_2, grunt_orc_community_house_2,
          grunt_orc_community_house_1, grunt_orc_community_house_3,
          grunt_orc_community_house_1, basic_altar, bloody_makhleb
Elf:1:    elf_arrival_002, layout_gridlike, serial_shops, shop_statue,
          hangedman_elven_crosses_minicolossus, minmay_misc_feat_columns,
          serial_sigils_hangedman_confine, grunt_ministairs_7
Elf:2:    elven_hall_of_blades_hangedman_original [nicolae_blade_lattice],
          layout_gridlike, special_room [special_room_orc], serial_shops,
          nicolae_stop_n_shop_1, basic_altar
Elf:3:    minmay_elf_hall_curves, layout_geoelf_castle, glass_columns_b,
          evilmike_minifort
Vaults:1: nicolae_vaults_ring_of_whatevers, hangedman_vaults_nodes,
          grunt_vaults_hallway_short, vaults_room_door_ring,
          vaults_room_semicircle, ontoclasm_vaults_decontamination,
          layout_vaults_omnigrid
Vaults:2: vaults_standard_mumra_enter_the_diamond,
          nicolae_vaults_three_branches, ontoclasm_vaults_tryst, v_rooms_6,
          v_misc_5, nicolae_vaults_windows_and_doors_thing,
          hangedman_vaults_corner_blocks, nicolae_vaults_shelves_hall,
          ontoclasm_vaults_spin, ontoclasm_vaults_loading_screen,
          vaults_room_pool, layout_vaults_ring, uniq_mennas, uniq_mara,
          uniq_boris
Vaults:3: gammafunk_ghost_spectres, ontoclasm_vaults_bender,
          nicolae_vaults_diagonal_hallway_9, minmay_crypt_entry_simple_sparse,
          vaults_dpeg_doors, v_pattern_1, v_misc_13, nicolae_vaults_asterisk,
          nicolae_vaults_ring_of_whatevers, layout_vaults_maze_snakey,
          portal_desolation_entry_nicolae_nacl, uniq_aizul
Vaults:4: hangedman_vaults_hat, nicolae_vaults_network_s, nicolae_vaults_arrows,
          vaults_room_grunt_arrival_checkpoint, v_misc_9, v_rooms_6,
          nicolae_vaults_specimen_jars, ontoclasm_vaults_loading_screen,
          hangedman_vaults_corner_blocks, vaults_dpeg_encased_lava,
          layout_vaults_omnicross
Vaults:5: uniq_xtahua
Crypt:1:  layout_regular_city, grunt_crypt_arrival_webbed, uniq_bai_suzhen
Crypt:2:  lemuel_minitomb, layout_chaotic_city
Crypt:3:  quadcrypt_mu, uniq_jory
Depths:1: layout_forbidden_donut, abyss_entry_crystal, rand_demon_pan_entry_4,
          hell_entry, chequers_decorated_corner, kennysheep_underground_church,
          firewood_loft
Depths:2: gammafunk_its_a_trap, layout_cave_shapes, enter_ziggurat_b,
          hangedman_abyss_or_decor_stabs, pan_entry, grunt_hell_entry_dis_old,
          uniq_nikola
Depths:3: minmay_ornate_pinched, layout_basic,
          nicolae_wu_jian_immortal_techniques, pf_hell_entry_tar_spiral,
          nicolae_abyss_entry_one_way_or_another, serial_bayou_shore_b,
          minmay_shop_grove, uniq_frederick
Depths:4: evilmike_zot_entry_argh, layout_basic, serial_bayou_pond_d,
          hell_entry, ebering_ghost_gozag
Hell
Dis:1:    layout_gridville
Dis:2:    layout_overlapping_boxes, nicolae_dis_distal_crystal
Dis:3:    layout_jigsaw
Dis:4:    layout_regular_city
Zot:1:    lemuel_halls_of_wrath, layout_onion, hangedman_zot_wheel_spokes
Zot:2:    grunt_twist_and_shout, layout_onion_interference
Zot:3:    layout_basic, grunt_ministairs_14
Zot:4:    layout_gridlike, nicolae_zot_crop_circle
Zot:5:    layout_misc_corridors

Skill      XL: |  1  2  3  4  5  6  7  8  9 10 11 12 13 14 15 16 17 18 19 20 21 22 23 24 25 26 27 |
---------------+----------------------------------------------------------------------------------+-----
Armour         | 4 5 6 8 10 11 14 15 17 18 20 22 24 27 | 27.0
Maces & Flails | 3 4 5 |  5.3
Axes           | 4 7 8 10 12 14 16 19 22 24 | 24.0
Invocations    | 6 11 12 26 | 26.8
Fighting       | 6 8 9 10 13 14 16 18 19 20 22 26 27 | 27.0
Dodging        | 9 10 12 15 | 15.3
Shields        | 5 |  5.5
Throwing       | 2 11 16 | 16.4
Evocations     | 1 |  1.2

Action                   |  1- 3 |  4- 6 |  7- 9 | 10-12 | 13-15 | 16-18 | 19-21 | 22-24 | 25-27 || total
-------------------------+-------+-------+-------+-------+-------+-------+-------+-------+-------++-------
Melee: Flail             |   130 |   205 |       |     9 |       |       |       |       |       ||   344
       Whip              |       |    56 |       |       |   132 |    67 |       |       |       ||   255
       War axe           |       |       |   225 |   453 |  1116 |  1858 |   654 |       |       ||  4306
       Executioner's axe |       |       |       |       |       |       |  1036 |  1612 |  2896 ||  5544
       Battleaxe         |       |       |       |       |       |       |       |       |   464 ||   464
       Unarmed           |       |       |       |       |       |       |       |       |     8 ||     8
Throw: Dart              |       |     3 |    21 |    12 |    11 |     8 |       |       |       ||    55
       Javelin           |       |       |       |       |       |       |       |       |    66 ||    66
Invok: Heroism           |       |       |     1 |     9 |     9 |     9 |    15 |    10 |    10 ||    63
       Finesse           |       |       |       |     1 |       |     3 |     4 |     4 |     4 ||    16
       Duel              |       |       |       |       |       |       |     1 |       |     1 ||     2
       Summon Divine War |       |       |       |       |       |       |       |       |     5 ||     5
       Cleansing Flame   |       |       |       |       |       |       |       |       |     2 ||     2
       Brand Weapon With |       |       |       |       |       |       |       |       |     1 ||     1
Evoke: Wand              |       |       |       |    11 |       |     3 |     5 |       |     2 ||    21
       Condenser vane    |       |       |       |       |       |       |       |       |     3 ||     3
       Lightning rod     |       |       |       |       |       |       |       |       |     3 ||     3
  Use: Scroll            |       |       |     6 |     9 |     4 |    22 |     8 |    16 |     9 ||    74
       Potion            |       |       |     2 |     4 |       |     1 |     2 |     1 |     4 ||    14
 Stab: Distracted        |       |       |       |     1 |       |     1 |       |       |       ||     2
       Petrified         |       |       |       |       |     2 |       |       |       |       ||     2
       Confused          |       |       |       |       |       |       |       |       |     7 ||     7
       Paralysed         |       |       |       |       |       |       |       |       |     1 ||     1
Armor: Scale mail        |    87 |   114 |    92 |   162 |   461 |    49 |       |       |       ||   965
       Skin              |       |       |       |     9 |       |       |       |       |    10 ||    19
       Plate armour      |       |       |       |       |       |   684 |  1099 |   114 |       ||  1897
       Gold dragon scale |       |       |       |       |       |       |    81 |  1055 |  2450 ||  3586
Dodge: Dodged            |    64 |   115 |    85 |   138 |   414 |   730 |  1184 |   807 |  2368 ||  5905
       Repelled          |       |       |       |       |       |       |    12 |    47 |    76 ||   135
Block: Buckler           |    44 |    62 |    46 |   106 |   249 |   408 |   176 |       |       ||  1091
       Other             |       |       |       |       |       |       |       |       |   224 ||   224

Table legend: (Time is in decaauts)
 A = Elapsed time spent in this place.
 B = Non-inter-level travel time spent in this place.
 C = Inter-level travel time spent in this place.
 D = Time resting spent in this place.
 E = Time spent auto-exploring this place.
 F = Levels seen in this place.
 G = Mean time per level.
                   A        B        C        D        E       F      G
               +--------+--------+--------+--------+--------+-----+--------+
         Total |  87614 |  77077 |  10537 |  13690 |  44664 |  95 |  922.3 |
       Dungeon |  22380 |  16999 |   5381 |   3140 |  11221 |  15 | 1492.0 |
        Temple |    880 |    824 |     56 |    582 |    185 |   1 |  880.0 |
          Lair |  12156 |  10809 |   1347 |   3587 |   5517 |   6 | 2026.0 |
        Shoals |   5445 |   4964 |    481 |    683 |   3204 |   4 | 1361.2 |
     Snake Pit |   6808 |   6511 |    297 |   2422 |   2799 |   4 | 1702.0 |
    Slime Pits |   1514 |   1335 |    179 |     22 |    860 |   5 |  302.8 |
  Orcish Mines |   2663 |   2479 |    184 |    596 |   1426 |   2 | 1331.5 |
   Elven Halls |   3707 |   3564 |    143 |    174 |   2210 |   3 | 1235.7 |
        Vaults |   9076 |   7529 |   1547 |   1051 |   4641 |   5 | 1815.2 |
         Crypt |   3065 |   2938 |    127 |     28 |   2204 |   3 | 1021.7 |
        Depths |   4300 |   3780 |    520 |     89 |   2806 |   4 | 1075.0 |
          Hell |    717 |    673 |     44 |    204 |    234 |   1 |  717.0 |
           Dis |    524 |    524 |      0 |    184 |    110 |   4 |  131.0 |
           Zot |   3462 |   3239 |    223 |     54 |   2294 |   5 |  692.4 |
         Abyss |   1369 |   1369 |      0 |    300 |      6 |   6 |  228.2 |
   Pandemonium |   7012 |   7012 |      0 |    284 |   3662 |  22 |  318.7 |
      Ice Cave |    868 |    868 |      0 |     59 |    613 |   1 |  868.0 |
       Volcano |    395 |    395 |      0 |    102 |    163 |   1 |  395.0 |
    Desolation |   1202 |   1202 |      0 |    100 |    509 |   1 | 1202.0 |
         Arena |     61 |     61 |      0 |     29 |      0 |   2 |   30.5 |
               +--------+--------+--------+--------+--------+-----+--------+

Top non-repeatable levels by time:
  Lair:5: 2752 daAuts
     D:4: 2625 daAuts
  Lair:3: 2624 daAuts
Vaults:1: 2458 daAuts
    D:11: 2168 daAuts
Vaults:2: 2155 daAuts
  Lair:6: 2144 daAuts
 Snake:3: 2029 daAuts
 Snake:1: 1973 daAuts
  Lair:2: 1839 daAuts
    D:15: 1826 daAuts
    D:10: 1805 daAuts
 Snake:4: 1681 daAuts
     D:1: 1673 daAuts
    D:13: 1669 daAuts
